 Dungeon Sprint DCSS version 0.24.0-125-gc4c63601f3 (webtiles) character file.

Game seed: 14641651765347131133, levelgen mode: deterministic

3697 Ponchio the Geomancer (level 9, -3/62 (63) HPs)
             Began as a Deep Elf Earth Elementalist on Feb 21, 2020.
             Engulfed by a cloud of flame (29 damage)
             ... in the Dungeon (Sprint II: "The Violet Keep of Menkaure").
             The game lasted 00:13:16 (1467 turns).

Ponchio the Geomancer (Deep Elf Earth Elementalist) Turns: 1467, Time: 00:13:16

HP:   -3/62 (63)    AC:  2    Str:  5    XL:     9   Next: 90%
MP:   27/29         EV: 20    Int: 24    God:
Gold: 726           SH:  0    Dex: 15    Spells: 21/36 levels left

rFire    . . .     SeeInvis .   (no weapon)
rCold    . . .     Gourm    .   (no shield)
rNeg     . . .     Faith    .   c - +0 robe
rPois    .         Spirit   .   (no helmet)
rElec    .         Reflect  .   (no cloak)
rCorr    .         Harm     .   (no gloves)
MR       .....     NoTele   +   (no boots)
Stlth    ++........             (no amulet)
HPRegen  0.20/turn              (no ring)
MPRegen  0.21/turn              (no ring)

@: no status effects
A: no striking features
a: no special abilities


You were in the Dungeon.
You were not hungry.

You visited 1 branch You collected 1134 gold pieces.
You spent 408 gold pieces at shops.

Inventory:

Missiles
 b - 14 stones (quivered)
Armour
 c - a +0 robe (worn)
Jewellery
 e - a +3 ring of intelligence
 f - a +3 ring of intelligence
Scrolls
 a - a scroll of fear {unknown}
Potions
 i - a potion of berserk rage


   Skills:
 - Level 10.3 Fighting
 + Level 11.2 Dodging
 - Level 2.4 Stealth
 - Level 14.2 Spellcasting
 - Level 1.1 Transmutations
 - Level 14.4 Earth Magic


You had 21 spell levels left.
You knew the following spells:

 Your Spells              Type           Power        Failure   Level  Hunger
a - Sandblast             Erth           ######       0%          1    None
b - Passwall              Tmut/Erth      ######..     1%          2    None
c - Stone Arrow           Conj/Erth      ######       1%          3    None
d - Petrify               Tmut/Erth      ######..     1%          4    None
e - Lee's Rapid Deconstr  Erth           ######....   1%          5    ##.....

Your spell library contained the following spells:

 Spells                   Type           Power        Failure   Level  Hunger


Dungeon Overview and Level Annotations

Branches:
Dungeon (1/1)

Altars:

Shops:
D (:[}%=![=:!(=*(?

Annotations:
D exclusion: oklob plant


Message History

Press: ? - help, Dir - move target cursor An open gate.
The stone door frame shatters!
The blast of rock fragments hits the lava snake!!
You kill the lava snake!
Your Dodging skill increases to level 11!
Casting: Lee's Rapid Deconstruction (safe; 1% risk of failure)
Confirm with . or Enter, or press ? or * to list all spells.
Aiming: Lee's Rapid Deconstruction (safe; 1% risk of failure)
Press: ? - help, Dir - move target cursor An open gate.
The stone door frame shatters!
The blast of rock fragments hits the lava snake!!!
You kill the lava snake!
You start resting.
You are engulfed in blazing flames.
Unknown command.
You are engulfed in blazing flames.
You are engulfed in blazing flames.
You die...

'§°°○≈≈°○≈≈○# c #○○≈≈°°≈≈≈
Y.)≈##○≈≈○≈○
###########)≈#'○'#+++##
##########≈≈≈..(......#
#∩.∩.....#≈≈≈≈.##°##..#
#.∩.∩....#≈≈≈≈##°#(##.####
#..∩.∩...#≈≈≈≈#○###.#....#
#...∩.c..#≈≈####@#.####..##
#....∩.⌠.#w##.###'###.##..#
#...∩.∩..#≈#...##.##...#..#
#..∩.∩...c≈'###'.<.'.##+..#
#.∩.∩....#≈#...##.##...#....#
▓▓▓▓▓▓▓###≈##.###'###.##..§...≈
#:ZZ######≈≈####..#####≈≈.§§§.≈#


#[GG#HH ##((≈#..##.# §≈≈§≈.§≈# #∩PG+..# #'#(##.#.## ≈≈§≈≈≈≈.≈# There were no
monsters in sight!

Vanquished Creatures
  Kirke (D)
  A skeletal warrior (D)
  An ice statue (D)
  A kobold demonologist (D)
  2 tyrant leeches (D)
  2 hippogriffs (D)
  Menkaure (D)
  A vampire mosquito (D)
  4 necrophages (D)
  2 crocodiles (D)
  4 lava snakes (D)
  2 worms (D)
22 creatures vanquished.

Vanquished Creatures (others)
  A yaktaur captain (D)
  A centaur warrior (D)
  A death yak (D)
  An elephant (D)
  A worm (D)
5 creatures vanquished.

Grand Total: 27 creatures vanquished

Notes
Turn   | Place    | Note
-------+----------+-------------------------------------------
     0 | D        | Ponchio the Deep Elf Earth Elementalist began the quest for
                  | the Orb.
     0 | D        | Reached XP level 1. HP: 10/10 MP: 6/6
     1 | D        | Noticed a necrophage
     1 | D        | Noticed a necrophage
     1 | D        | Noticed a necrophage
     1 | D        | Noticed a necrophage
    13 | D        | Killed a necrophage
    13 | D        | Reached XP level 2. HP: 15/15 MP: 4/12
    13 | D        | Reached XP level 3. HP: 19/19 MP: 4/13
    13 | D        | Reached XP level 4. HP: 24/24 MP: 4/15
    16 | D        | Killed a necrophage
    16 | D        | Reached skill level 10 in Earth Magic
    16 | D        | Reached XP level 5. HP: 28/28 MP: 1/18
    17 | D        | Killed a necrophage
    19 | D        | Noticed Menkaure
    22 | D        | Killed a necrophage
    22 | D        | Reached skill level 10 in Spellcasting
    22 | D        | Reached XP level 6. HP: 26/31 MP: 17/21
    24 | D        | Killed Menkaure
   203 | D        | Noticed a hippogriff
   203 | D        | Noticed a hippogriff
   208 | D        | Learned a level 2 spell: Passwall
   212 | D        | Learned a level 3 spell: Stone Arrow
   217 | D        | Learned a level 4 spell: Petrify
   223 | D        | Learned a level 5 spell: Lee's Rapid Deconstruction
   230 | D        | Killed a hippogriff
   230 | D        | Reached XP level 7. HP: 35/35 MP: 12/24
   231 | D        | Killed a hippogriff
   326 | D        | Noticed a tyrant leech
   326 | D        | Noticed a tyrant leech
   367 | D        | Killed a tyrant leech
   456 | D        | Reached XP level 8. HP: 40/40 MP: 14/28
   535 | D        | Killed a tyrant leech
   619 | D        | Found Suskaff's Jewellery Boutique.
   619 | D        | Found Haseexka's Antique Weapon Boutique.
   619 | D        | Found Ihystim's Antique Weapon Shop.
   620 | D        | Found Qais's Magic Scroll Shop.
   620 | D        | Found Nadousupp's Distillery.
   620 | D        | Found Esih's Book Boutique.
   620 | D        | Found Egiem's Jewellery Shop.
   620 | D        | Found Hidon's Antique Armour Boutique.
   621 | D        | Found Waddaywy's Jewellery Boutique.
   621 | D        | Found Ponealyj's Food Shop.
   622 | D        | Found Vupnurhai's General Store.
   622 | D        | Found Bucwueb's Distillery.
   682 | D        | Found Kimodoeps's Gadget Boutique.
   682 | D        | Found Mejah's Antique Armour Shop.
   682 | D        | Noticed an oklob plant
   683 | D        | Found Juaxkisk's Book Shoppe.
   683 | D        | Found Sim Has's Weapon Boutique.
   684 | D        | Noticed a shining eye
   692 | D        | Reached skill level 5 in Dodging
   704 | D        | Noticed a shining eye
   705 | D        | Noticed a shining eye
   706 | D        | Noticed a hippogriff
   707 | D        | Noticed a hippogriff
   708 | D        | Noticed a hippogriff
   743 | D        | Bought a +3 ring of intelligence for 204 gold pieces
   743 | D        | Bought a +3 ring of intelligence for 204 gold pieces
   766 | D        | Noticed Kirke
   766 | D        | Noticed a kobold demonologist
   766 | D        | Noticed a skeletal warrior
   767 | D        | Noticed a centaur warrior
   767 | D        | Noticed a yaktaur captain
   769 | D        | Killed a skeletal warrior
   769 | D        | Reached XP level 9. HP: 56/56 MP: 13/29
   769 | D        | Noticed a hellwing
   770 | D        | Killed a kobold demonologist
   770 | D        | Noticed an elephant
   788 | D        | Noticed an ice statue
   890 | D        | Killed a yaktaur captain
   951 | D        | Killed an elephant
  1166 | D        | Killed Kirke
  1166 | D        | Reached skill level 10 in Dodging
  1217 | D        | Killed an ice statue
  1217 | D        | Reached skill level 10 in Fighting
  1336 | D        | Killed a centaur warrior
  1455 | D        | Killed a death yak
  1467 | D        | Engulfed by a cloud of flame

Levels and vault maps discovered:
D:        the_violet_keep_of_menkaure [sprint2_stairs_cluster_1,
          sprint2_shoproom, sprint2_temple, sprint2_basic_supplies,
          sprint2_obstacle_2, sprint2_obstacle_1, sprint2_obstacle_5,
          sprint2_obstacle_7, sprint2_obstacle_4, sprint2_timed_cluster_1,
          sprint2_smallroom_cluster_1, sprint2_smallroom_final_cluster_1,
          sprint2_transparent_cluster_1, sprint2_second_timed_cluster_1,
          sprint2_sniper_area_1, sprint2_heavy_combat_area_1,
          sprint2_mutation_trap_area_1, sprint2_forest_area_1,
          sprint2_light_combat_area_1, sprint2_behind_water_1,
          sprint2_near_end_vault_1]

Skill      XL: |  1  2  3  4  5  6  7  8  9 |
---------------+----------------------------+-----
Spellcasting   | 7 8 10 11 14 | 14.2
Earth Magic    | 8 10 12 13 14 | 14.4
Fighting       | 7 10 | 10.3
Dodging        | 7 11 | 11.2
Stealth        | |  2.4
Transmutations | |  1.1

Action                   |  1- 3 |  4- 6 |  7- 9 || total
-------------------------+-------+-------+-------++-------
 Cast: Sandblast         |     7 |     9 |       ||    16
       Lee's Rapid Decon |       |     1 |    28 ||    29
  Use: Potion            |     4 |     1 |       ||     5
       Scroll            |       |       |     1 ||     1
  Eat: Chunk             |       |       |     1 ||     1
       Ration            |       |       |     1 ||     1
Dodge: Dodged            |     3 |     2 |    12 ||    17
